 Dungeon Crawl Stone Soup version 0.22.1-2-g9c5b331 (webtiles) character file.

108504 joejoepie the Warrior (level 16, -6/111 HPs)
             Began as a Gargoyle Fighter on Nov 10, 2018.
             Was the Champion of Wu Jian.
             Killed from afar by a hellion (30 damage)
             ... with damnation
             ... summoned by a deep elf demonologist
             ... on level 1 of the Elven Halls on Nov 14, 2018.
             The game lasted 03:06:11 (26985 turns).

joejoepie the Warrior (Gargoyle Fighter)           Turns: 26985, Time: 03:06:12

Health: -6/111     AC: 33    Str: 18    XL:     16   Next: 49%
Magic:  16/16      EV: 22    Int: 15    God:    Wu Jian [******]
Gold:   1955       SH: 14    Dex: 14    Spells: 15/15 levels left

rFire    . . .     SeeInvis .   a - +12 morningstar "Zaqeyr" {crush, rElec rC+ rN+ MR+ Int+2}
rCold    + + +     Gourm    .   c - +1 shield
rNeg     + + +     Faith    .   T - +2 chain mail {rC+}
rPois    ∞         Spirit   .   y - +1 helmet
rElec    +         Reflect  .   w - +0 cloak
rCorr    .         Harm     .   V - +0 pair of gloves
MR       ++++.                  r - +0 pair of boots
Stlth    ..........             N - amulet of the acrobat
HPRegen  0.28/turn              t - ring of Morality {rC+ rN+++ MR+ Str-2 Int+2}
MPRegen  0.15/turn              Z - ring of protection from magic

@: very slightly contaminated, invisible
A: big wings, talons 1, negative energy resistance 1, sense surroundings 1,
electricity resistance, unbreathing, petrification resistance, rot immunity, AC
+12
a: Fly, Wall Jump, Serpent's Lash, Heavenly Storm, Renounce Religion


You were on level 1 of the Elven Halls.
You worshipped Wu Jian.
Wu Jian was exalted by your worship.
You were not hungry.

You visited 5 branches of the dungeon, and saw 25 of its levels.

You collected 2475 gold pieces.
You spent 520 gold pieces at shops.

Inventory:

Hand Weapons
 a - the +12 morningstar "Zaqeyr" (weapon) {crush, rElec rC+ rN+ MR+ Int+2}
   (You found it on level 9 of the Dungeon)

   It inflicts extra damage upon your enemies.
   It affects your intelligence (+2).
   It protects you from cold.
   It insulates you from electricity.
   It protects you from negative energy.
   It affects your resistance to hostile enchantments.
 b - a +1 hunting sling of freezing
Missiles
 e - 714 stones (quivered)
 I - 232 sling bullets
Armour
 c - a +1 shield (worn)
 d - +0 steam dragon scales
 g - the +4 leather armour "Amak" {rC+++}
   (You found it on level 10 of the Dungeon)

   It renders you almost immune to cold.
 j - a scarf of repulsion
 q - a +1 ring mail of fire resistance
 r - a +0 pair of boots (worn)
 w - a +0 cloak (worn)
 y - a +1 helmet (worn)
 O - a scarf of cloud immunity
 T - a +2 chain mail of cold resistance (worn)
 V - a +0 pair of gloves (worn)
Jewellery
 n - an uncursed ring of protection from cold
 t - the ring of Morality (left hand) {rC+ rN+++ MR+ Str-2 Int+2}
   (You found it on level 6 of the Lair of Beasts)

   [ring of protection from cold]

   It affects your strength (-2).
   It affects your intelligence (+2).
   It protects you from cold.
   It renders you almost immune to negative energy.
   It affects your resistance to hostile enchantments.
 v - a +5 ring of intelligence
 F - a +1 ring of evasion {unknown}
 H - an uncursed amulet of regeneration
 N - an amulet of the acrobat (around neck)
 W - a +3 ring of dexterity
 X - an uncursed ring of see invisible
 Z - a ring of protection from magic (right hand)
Wands
 m - a wand of iceblast (24)
 p - a wand of polymorph (43)
 B - a wand of digging (2)
 G - a wand of clouds (7)
 M - a wand of paralysis (38)
 P - a wand of acid (35)
 Q - a wand of scattershot (8)
 R - a wand of flame (36)
 U - a wand of enslavement (13)
Scrolls
 h - a scroll of fog
 l - 6 scrolls of teleportation
 s - 4 scrolls of remove curse
 x - 2 scrolls of identify
 z - 5 scrolls of magic mapping
 A - a scroll of amnesia
 E - a scroll of enchant armour
 S - 2 scrolls of enchant weapon
Potions
 i - a potion of berserk rage {unknown}
 k - a potion of cancellation
 o - 3 potions of agility
 u - 2 potions of invisibility
 C - 2 potions of curing
 L - 4 potions of resistance
Miscellaneous
 Y - a lightning rod (4/4)
Comestibles
 f - 19 rations


   Skills:
 * Level 16.6 Fighting
 * Level 15.2 Maces & Flails
 + Level 10.2 Throwing
 + Level 12.6 Armour
 + Level 12.4 Shields


You had 15 spell levels left.
You didn't know any spells.
Your spell library contained the following spells:

 Spells                   Type           Power        Failure   Level  Hunger
 Animate Skeleton         Necr           N/A          95%         1    ##.....
 Confusing Touch          Hex            #.....       95%         1    ##.....
 Corona                   Hex            #......      95%         1    ##.....
 Flame Tongue             Conj/Fire      #....        95%         1    ##.....
 Freeze                   Ice            #...         95%         1    ##.....
 Magic Dart               Conj           #...         95%         1    ##.....
 Pain                     Necr           #...         95%         1    ##.....
 Blink                    Tloc           N/A          99%         2    ###....
 Call Imp                 Summ           #.......     99%         2    ###....
 Ensorcelled Hibernation  Hex/Ice        #.....       99%         2    ###....
 Slow                     Hex            #.......     99%         2    ###....
 Throw Flame              Conj/Fire      #.....       99%         2    ###....
 Confuse                  Hex            #.......     100%        3    ####...
 Conjure Flame            Conj/Fire      #.......     100%        3    ####...
 Dazzling Spray           Conj/Hex       #.....       100%        3    ####...
 Gell's Gravitas          Tloc           #.........   100%        3    ####...
 Inner Flame              Hex/Fire       #.......     100%        3    ####...
 Mephitic Cloud           Conj/Pois/Air  #.......     100%        3    ####...
 Regeneration             Chrm/Necr      #.........   100%        3    ####...
 Tukima's Dance           Hex            #.......     100%        3    ####...
 Vampiric Draining        Necr           #.........   100%        3    ####...
 Animate Dead             Necr           N/A          100%        4    #####..
 Petrify                  Tmut/Erth      #.......     100%        4    #####..
 Sticky Flame             Conj/Fire      #.......     100%        4    #####..
 Fireball                 Conj/Fire      #.........   100%        5    ######.
 Metabolic Englaciation   Hex/Ice        #.........   100%        5    ######.
 Yara's Violent Unravell  Hex/Tmut       #.........   100%        5    ######.


Dungeon Overview and Level Annotations

Branches:
Dungeon (15/15)            Temple (1/1) D:7            Lair (6/6) D:11
  Swamp (0/4) Lair:3        Snake (0/4) Lair:2        Slime (0/5) Lair:5
    Orc (2/2) D:11            Elf (1/3) Orc:2        Vaults (0/5) D:13
 Depths (0/5) D:15

Altars:
Ashenzari
Dithmenos
Elyvilon
Gozag
Hepliaklqana
Nemelex Xobeh
Ru
Sif Muna
Trog
Wu Jian
Yredelemnul
Zin
Beogh
Jiyva

Shops:
D:4 :   D:5 (   D:8 *   Orc:2 =((=

Annotations:
D:6 Pikel
D:15 3 runed doors, Pitul's ghost, journeyman DEFE
Lair:5 3 runed doors, Lilu's ghost, journeyman HOAK


Innate Abilities, Weirdness & Mutations

You are resistant to torment.
Your stone body is resilient. (AC +12)
You are immune to poison.
Your large and strong wings let you fly indefinitely.
You resist negative energy. (rN+)
You are resistant to electric shocks. (rElec)
You can survive without breathing.
You are immune to petrification.
You are immune to rotting.
You have sharp toenails.
You passively map a small area around you.


Message History

* * * LOW HITPOINT WARNING * * *
Okay, then.
Okay, then.
You fade into invisibility!
You are very lightly contaminated with residual magic.
The deep elf archer unwields an uncursed spear.
The deep elf archer wields an uncursed shortbow.
The deep elf archer shoots an arrow.
The arrow hits the Ice Fiend!
The Ice Fiend gestures at you. The bolt of cold hits you! You resist.
* * * LOW HITPOINT WARNING * * *
The Ice Fiend gestures at you. The bolt of cold misses you.
The deep elf demonologist casts a spell.
The deep elf archer shoots an arrow.
The Ice Fiend gestures at you. The bolt of cold misses you.
The hellion gestures at you.
The sphere of damnation explodes!
The damnation engulfs you!
You die...

# ######### ######## ##
##....>..## ##......##
.###......e..## ##........#
..#...........###..........
...............#..(........,
...........2e...@..........
,
.........5.41....>.........
,
.........3)4e2.#...........
...#......(5..##...........
...#####'#######...........
...# #.# #........... ####
#.# ##.......... ** * #.#
###........... *
#.#####............ , ,


You could see an Ice Fiend, a deep elf demonologist, an orange demon, a deep elf
archer, a hellwing, a deep elf mage, 2 hellions, a ynoxinul and 2 ufetubi.

Vanquished Creatures
  An emperor scorpion (D:15)
  A dire elephant (Lair:2)
  The ghost of Vogetunn the Bludgeoner, a journeyman MiFi of Okawaru (Lair:3)
  5 hydras
  2 catoblepae
  A centaur warrior (D:13)
  3 ogre magi
  12 two-headed ogres
  3 tengu warriors
  9 death yaks (Lair:6)
  A dancing weapon (Elf:1)
  A deep elf knight (Elf:1)
  3 orc high priests
  2 unseen horrors
  3 wizards
  5 orc knights
  A glowing orange brain (shapeshifter) (D:15)
  29 ugly things
  5 deep elf magi
  8 orc sorcerers
  2 manticores
  A guardian serpent (shapeshifter) (Elf:1)
  2 black mambas
  22 elephants
  23 spiny frogs
  A gargoyle (D:10)
  2 redback zombies
  An efreet (D:10)
  5 komodo dragons
  3 rime drakes
  A tengu conjurer (D:13)
  5 trolls
  2 hornets
  3 polar bears
  5 tyrant leeches (Lair:6)
  Grinder (D:6)
  A wolf spider simulacrum (D:15)
  7 slime creatures
  5 hippogriffs
  39 blink frogs
  Sigmund (D:5)
  An air elemental (Elf:1)
  3 spriggans
  A vampire (D:9)
  29 yaks
  A shadow (D:10)
  A human (D:8)
  2 wraiths
  2 wyverns
  Grum (D:10)
  3 basilisks
  2 steam dragons
  5 hungry ghosts
  13 vampire mosquitoes
  2 wargs (Orc:2)
  A slave (D:7)
  19 water moccasins
  13 porcupines
  4 ice beasts
  26 orc warriors
  2 sky beasts
  2 black bears
  2 eyes of draining
  A necrophage (D:2)
  3 phantoms
  4 wolves
  12 ogres
  A boggart (Lair:3)
  3 centaurs
  12 crocodiles
  2 big kobolds
  22 bullfrogs
  3 earth elementals (Elf:1)
  A wyvern zombie (D:7)
  3 wyvern skeletons
  3 scorpions
  3 troll zombies (D:11)
  10 wights
  An electric eel (Lair:2)
  6 howler monkeys
  7 crimson imps
  A quasit (D:12)
  11 hounds
  2 jellies
  18 orc wizards
  12 centaur skeletons
  26 orc priests
  3 bullfrog skeletons
  7 iguanas
  9 worker ants
  Terence (D:3)
  3 ogre zombies (D:11)
  3 hound skeletons
  2 worker ant zombies
  7 gnolls
  17 adders
  A gnoll zombie (D:9)
  10 orc zombies
  A shadow imp (D:5)
  3 oozes
  An adder skeleton (D:5)
  An adder zombie (D:6)
  3 worms (D:4)
  A dart slug (D:4)
  3 leopard geckos
  68 orcs
  6 giant cockroaches
  6 hobgoblins
  3 jackals
  7 quokkas
  A ball python (D:5)
  3 bats
  5 frilled lizards
  6 goblins
  3 goblin zombies (D:11)
  A hobgoblin skeleton (D:11)
  4 hobgoblin zombies (D:11)
  10 kobolds
  A leopard gecko zombie (D:6)
  2 orc skeletons (D:11)
  A quokka skeleton (D:5)
  7 rats
740 creatures vanquished.

Vanquished Creatures (collateral kills)
  Harold (D:7)
  An iguana (D:7)
2 creatures vanquished.

Vanquished Creatures (others)
  An orc priest (Orc:2)
  An orc wizard (Orc:2)
  An orc (D:10)
  48 fungi
  48 plants
99 creatures vanquished.

Grand Total: 841 creatures vanquished

Notes
Turn   | Place    | Note
-------+----------+-------------------------------------------
     0 | D:1      | joejoepie the Gargoyle Fighter began the quest for the Orb.
     0 | D:1      | Reached XP level 1. HP: 14/14 MP: 1/1
    23 | D:1      | Gained mutation: You are occasionally teleported next to
                  | monsters. [potion of mutation]
    23 | D:1      | Gained mutation: You are partially covered in thin metallic
                  | scales. (AC +2) [potion of mutation]
    23 | D:1      | Gained mutation: You are partially covered in molten
                  | scales. (AC +2) [potion of mutation]
   416 | D:1      | Reached XP level 2. HP: 18/19 MP: 2/2
   490 | D:1      | Upgraded the game from 0.22.1-1-ga44c0e5 to
                  | 0.22.1-2-g9c5b331
   770 | D:2      | Found a shadowy altar of Dithmenos.
   898 | D:2      | Reached XP level 3. HP: 24/24 MP: 3/3
   943 | D:2      | Found a sacrificial altar of Ru.
  1270 | D:2      | Reached skill level 4 in Fighting
  1411 | D:3      | Noticed Terence
  1575 | D:3      | Reached XP level 4. HP: 29/29 MP: 4/4
  1649 | D:3      | Killed Terence
  1745 | D:3      | Reached skill level 1 in Throwing
  1745 | D:3      | Reached XP level 5. HP: 19/34 MP: 5/5
  1760 | D:3      | Noticed a necrophage
  1768 | D:2      | Killed a necrophage
  1949 | D:2      | Reached XP level 6. HP: 18/40 MP: 6/6
  2253 | D:3      | Reached skill level 5 in Fighting
  2802 | D:3      | Found a shattered altar of Ashenzari.
  3174 | D:4      | Reached XP level 7. HP: 42/44 MP: 7/7
  3507 | D:4      | Found Bafin's Book Emporium.
  3695 | D:5      | Entered Level 5 of the Dungeon
  3997 | D:5      | Reached skill level 6 in Fighting
  4037 | D:5      | Noticed Sigmund
  4230 | D:4      | Reached skill level 5 in Maces & Flails
  4348 | D:5      | Reached XP level 8. HP: 51/51 MP: 8/8
  4393 | D:5      | Reached skill level 5 in Armour
  4414 | D:5      | Killed Sigmund
  4414 | D:5      | Reached skill level 5 in Shields
  4478 | D:5      | Found Veaq's Antique Weapon Boutique.
  4948 | D:6      | Lost mutation: You are partially covered in thin metallic
                  | scales. (AC +2) [potion of mutation]
  4948 | D:6      | Lost mutation: You are occasionally teleported next to
                  | monsters. [potion of mutation]
  4948 | D:6      | Lost mutation: You are partially covered in molten scales.
                  | (AC +2) [potion of mutation]
  4948 | D:6      | Gained mutation: You have sharp toenails. [potion of
                  | mutation]
  4948 | D:6      | Gained mutation: You passively map a small area around you.
                  | [potion of mutation]
  4974 | D:6      | Noticed Grinder
  5005 | D:6      | Paralysed by Grinder for 3 turns
  5015 | D:6      | Killed Grinder
  5015 | D:6      | Reached skill level 7 in Fighting
  5197 | D:6      | Reached XP level 9. HP: 24/57 MP: 9/9
  6741 | D:7      | Reached skill level 8 in Fighting
  6934 | D:7      | Noticed Pikel
  7023 | D:7      | Found a hazy altar of Hepliaklqana.
  7185 | D:7      | Found a staircase to the Ecumenical Temple.
  7204 | Temple   | Entered the Ecumenical Temple
  7235 | Temple   | Became a worshipper of the Wu Jian Council
  7373 | D:7      | Found a sparkling altar of Nemelex Xobeh.
  7519 | D:7      | Noticed Harold
  7605 | D:7      | Killed Harold
  7605 | D:7      | Reached XP level 10. HP: 25/65 MP: 10/10
  8052 | D:7      | Reached skill level 9 in Fighting
  8525 | D:8      | Found a bloodstained altar of Trog.
  8946 | D:8      | Found an opulent altar of Gozag.
  9066 | D:8      | Reached * piety under Wu Jian
  9081 | D:8      | Found Uboeff's Assorted Antiques.
  9493 | D:9      | Found a glowing silver altar of Zin.
  9522 | D:9      | Reached skill level 5 in Throwing
  9854 | D:9      | Got a fine morningstar
  9855 | D:9      | Identified the +12 morningstar "Zaqeyr" {crush, rElec rC+
                  | rN+ MR+ Int+2} (You found it on level 9 of the Dungeon)
 10030 | D:9      | Found a transporter.
 10058 | D:9      | Found a transporter.
 10333 | D:10     | Entered Level 10 of the Dungeon
 10448 | D:10     | Found a runed door.
 10449 | D:10     | Noticed a gargoyle
 10458 | D:10     | Killed a gargoyle
 10458 | D:10     | Reached skill level 10 in Fighting
 10470 | D:10     | Noticed a two-headed ogre
 10622 | D:10     | Killed a two-headed ogre
 10622 | D:10     | Reached XP level 11. HP: 34/72 MP: 11/11
 10645 | D:10     | Killed an unseen horror
 10648 | D:10     | Reached ** piety under Wu Jian
 10868 | D:10     | Noticed a cyan ugly thing
 11123 | D:10     | Found a runed door.
 11366 | D:10     | Killed a cyan ugly thing
 11384 | D:10     | Noticed Grum
 11393 | D:10     | Killed Grum
 11617 | D:10     | Got a bloodstained leather armour
 11618 | D:10     | Identified the +4 leather armour "Amak" {rC+++} (You found
                  | it on level 10 of the Dungeon)
 11724 | D:11     | Noticed a two-headed ogre
 11736 | D:11     | Killed a two-headed ogre
 11766 | D:11     | Found a staircase to the Orcish Mines.
 11770 | D:11     | Reached skill level 11 in Fighting
 11800 | D:11     | Reached *** piety under Wu Jian
 11808 | D:11     | Reached skill level 10 in Maces & Flails
 11854 | Orc:1    | Entered Level 1 of the Orcish Mines
 12138 | D:11     | Found a deep blue altar of Sif Muna.
 12223 | D:11     | Noticed a white ugly thing
 12234 | D:11     | Killed a white ugly thing
 12306 | D:11     | Reached XP level 12. HP: 70/80 MP: 12/12
 12559 | D:11     | Found a staircase to the Lair.
 12620 | D:11     | Identified Sif Muna's Reference Book on the Glacier
 12995 | D:12     | Reached **** piety under Wu Jian
 13748 | D:12     | Reached skill level 12 in Fighting
 13946 | D:13     | Noticed a tengu warrior
 13987 | D:13     | Killed a tengu warrior
 14161 | D:13     | Noticed a tengu warrior
 14175 | D:13     | Killed a tengu warrior
 14217 | D:13     | Noticed an ogre mage
 14217 | D:13     | Noticed a two-headed ogre
 14222 | D:13     | Noticed a centaur warrior
 14223 | D:13     | Killed an ogre mage
 14233 | D:13     | Killed a two-headed ogre
 14242 | D:13     | Killed a centaur warrior
 14261 | D:13     | Reached XP level 13. HP: 45/87 MP: 13/13
 14356 | D:13     | Found a gate to the Vaults.
 14391 | D:13     | Reached ***** piety under Wu Jian
 15031 | Lair:1   | Entered Level 1 of the Lair of Beasts
 15046 | Lair:1   | Reached skill level 13 in Fighting
 15250 | Lair:1   | Reached skill level 10 in Armour
 16139 | Lair:2   | Reached skill level 10 in Shields
 16294 | Lair:2   | Noticed a dire elephant
 16304 | Lair:2   | Killed a dire elephant
 16853 | Lair:2   | Found a staircase to the Snake Pit.
 17343 | Lair:3   | Gained mutation: Your large and strong wings let you fly
                  | indefinitely. [Gargoyle growth]
 17343 | Lair:3   | Reached XP level 14. HP: 73/95 MP: 14/14
 17453 | Lair:3   | Reached skill level 14 in Fighting
 17563 | Lair:3   | Found a staircase to the Swamp.
 17947 | Lair:3   | Found a runed door.
 17948 | Lair:3   | Noticed Vogetunn's ghost (journeyman MiFi)
 17993 | Lair:3   | Killed Vogetunn's ghost
 18499 | Lair:3   | Got an encrusted trident {vamp}
 18704 | Lair:4   | Identified the cursed +0 trident of the Hidden Spirits
                  | {vamp, Str+4 Int+3 Dex-5} (You took it off a spriggan rider
                  | on level 3 of the Lair of Beasts)
 19763 | Lair:5   | Found a runed gate.
 19763 | Lair:5   | Noticed Lilu's ghost (journeyman HOAK)
 19764 | Lair:5   | Found a runed gate.
 19769 | Lair:5   | Found a runed gate.
 19996 | Lair:5   | Found a staircase to the Slime Pits.
 19996 | Lair:5   | Found a viscous altar of Jiyva.
 20635 | D:14     | Reached ****** piety under Wu Jian
 20902 | D:14     | Found a white marble altar of Elyvilon.
 20938 | D:14     | HP: 4/96 [white ugly thing (14)]
 21600 | D:15     | Entered Level 15 of the Dungeon
 21793 | D:15     | Found a runed gate.
 21793 | D:15     | Found a runed gate.
 21793 | D:15     | Found a runed gate.
 21838 | D:15     | Reached skill level 15 in Fighting
 21889 | D:15     | Reached XP level 15. HP: 103/103 MP: 15/15
 21950 | D:15     | Noticed an emperor scorpion
 21953 | D:15     | Found a staircase to the Depths.
 22176 | D:15     | Killed an emperor scorpion
 23139 | D:15     | Noticed Pitul's ghost (journeyman DEFE)
 23153 | D:15     | Found a roughly hewn altar of Beogh.
 23398 | Orc:2    | Entered Level 2 of the Orcish Mines
 23678 | Orc:2    | Found a staircase to the Elven Halls.
 24810 | Orc:2    | Found Cuabadgh's Jewellery Shoppe.
 24810 | Orc:2    | Found Atuyh's Antique Weapon Shop.
 24818 | Orc:2    | Found Osmolum's Antique Weapon Shoppe.
 24818 | Orc:2    | Found Fyst's Jewellery Shop.
 24965 | Orc:2    | Bought an uncursed ring of see invisible for 195 gold
                  | pieces
 24965 | Orc:2    | Bought an uncursed ring of protection from magic for 325
                  | gold pieces
 25120 | Lair:6   | Entered Level 6 of the Lair of Beasts
 25515 | Lair:6   | Reached skill level 16 in Fighting
 25574 | Lair:6   | Reached XP level 16. HP: 84/110 MP: 16/16
 25782 | Lair:6   | Reached skill level 10 in Throwing
 26065 | Lair:6   | Reached skill level 15 in Maces & Flails
 26455 | Lair:6   | Got a steaming gossamer ring
 26474 | Lair:6   | Identified the ring of Morality {rC+ rN+++ MR+ Str-2 Int+2}
                  | (You found it on level 6 of the Lair of Beasts)
 26656 | Elf:1    | Entered Level 1 of the Elven Halls
 26925 | Elf:1    | Noticed a Brimstone Fiend
 26934 | Elf:1    | Noticed an Executioner
 26970 | Elf:1    | Noticed an Ice Fiend
 26985 | Elf:1    | Killed from afar by a hellion

Skill      XL: |  1  2  3  4  5  6  7  8  9 10 11 12 13 14 15 16 |
---------------+-------------------------------------------------+-----
Fighting       | 4 5 6 7 8 10 11 12 13 15 16 | 16.6
Maces & Flails | 3 4 5 6 7 9 10 11 12 13 14 15 | 15.2
Throwing       | 1 2 3 4 5 6 7 8 9 10 | 10.2
Armour         | 4 5 6 7 8 9 10 11 12 | 12.6
Shields        | 4 5 6 7 8 9 10 11 12 | 12.4

Action                   |  1- 3 |  4- 6 |  7- 9 | 10-12 | 13-15 | 16-18 || total
-------------------------+-------+-------+-------+-------+-------+-------++-------
Melee: Flail             |   114 |   129 |       |       |       |       ||   243
       Whip              |       |    25 |   795 |   321 |       |       ||  1141
       Morningstar       |       |       |       |   478 |  1259 |   285 ||  2022
 Fire: Hunting sling     |       |       |       |     9 |       |       ||     9
Throw: Stone             |     5 |    47 |    65 |    24 |    14 |       ||   155
Invok: Lunge             |       |       |     2 |   110 |   229 |    60 ||   401
       Whirlwind         |       |       |       |   171 |   519 |    90 ||   780
       Wall Jump         |       |       |       |    39 |    88 |    11 ||   138
       Serpent's Lash    |       |       |       |     2 |     7 |     1 ||    10
       Heavenly Storm    |       |       |       |       |     1 |       ||     1
 Abil: Wall Jump         |       |       |       |     1 |       |       ||     1
  Use: Potion            |     4 |     3 |    10 |       |     3 |     2 ||    22
       Scroll            |     3 |     2 |     9 |    14 |    12 |     2 ||    42
 Stab: Invisible         |       |       |     4 |       |       |       ||     4
       Distracted        |       |       |     1 |       |       |       ||     1
       Petrified         |       |       |       |       |     4 |       ||     4
       Petrifying        |       |       |       |       |     1 |       ||     1
  Eat: Chunk             |     2 |     6 |     8 |    18 |    23 |     4 ||    61
       Ration            |       |       |     2 |     6 |     5 |       ||    13
Armor: Scale mail        |    66 |    15 |       |       |       |       ||    81
       Ring mail         |       |    64 |   275 |   299 |   363 |       ||  1001
       Chain mail        |       |       |       |       |   117 |    79 ||   196
Dodge: Dodged            |    27 |    53 |   144 |   192 |   301 |    62 ||   779
Block: Shield            |    49 |    76 |   335 |   380 |   542 |   103 ||  1485
